General information
- name: BNet
- type: Ladder team game (AT/RT)
- host: Battle.net
- saver: team_cancer
map: DragonFalls
- players: 8
- length: 51:13
- speed: Fast
- version: 1.27 W3XP
- replay type: Public
» download(425 KB)
Players
team 1 (winner)

»
smurfs (
teal | 126 APM | 4291 actions | 34:01)
4 Archmage
2 Blizzard
2 Brilliance Aura
3 Blood Mage
2 Flame Strike
1 Siphon Mana
» actions
| Assign group hotkey | 174 | |
| Basic commands | 128 | |
| Build / train | 101 | |
| Enter build submenu | 35 | |
| Enter hero's abilities submenu | 8 | |
| Give item / drop item | 1 | |
| Right click | 1584 | |
| Select / deselect | 532 | |
| Select group hotkey | 1633 | |
| Use ability | 95 | |
4291 total
» units
| Peasant | 9 | |
| Mortar Team | 10 | |
| Sorceress | 6 | |
| Flying Machine | 28 | |
| Siege Engine | 2 | |
| Priest | 2 | |
57 total
» upgrades
| Lumber Harvesting | 2 | |
| Sorceress Training | 2 | |
| Gunpowder | 3 | |
| Fragmentation Shards | 1 | |
| Flak Cannons | 1 | |
| Barrage | 1 | |
10 total
» buildings
| Altar of Kings | 1 | |
| Farm | 12 | |
| Scout Tower | 8 | |
| Lumber Mill | 1 | |
| Arcane Tower | 4 | |
| Keep | 2 | |
| Arcane Vault | 1 | |
| Guard Tower | 5 | |
| Blacksmith | 1 | |
| Workshop | 3 | |
| Arcane Sanctum | 1 | |
| Castle | 2 | |
| Town Hall | 2 | |
43 total
» build order
00:10 Altar of Kings
00:21 Farm
00:53 Scout Tower
00:57 Lumber Mill
01:20 Farm
01:24 Arcane Tower
01:24 Arcane Tower
02:29 Keep
02:29 Keep
02:33 Scout Tower
02:57 Arcane Vault
03:23 Guard Tower
03:25 Blacksmith
03:32 Scout Tower
03:50 Scout Tower
03:53 Farm
03:55 Farm
04:04 Guard Tower
04:29 Guard Tower
04:56 Workshop
04:59 Arcane Sanctum
06:14 Castle
06:14 Castle
07:52 Farm
07:53 Farm
08:03 Farm
09:45 Farm
12:52 Town Hall
12:55 Scout Tower
12:56 Scout Tower
12:56 Scout Tower
12:57 Scout Tower
13:42 Guard Tower
13:42 Guard Tower
15:37 Workshop
15:42 Workshop
17:23 Farm
17:23 Farm
17:24 Farm
17:25 Farm
22:01 Town Hall
» items
| Scroll of Regeneration | 3 | |
| Lesser Clarity Potion | 2 | |
| Scroll of Town Portal | 4 | |
| Staff of Sanctuary | 1 | |
| Potion of Healing | 1 | |
11 total
MySquishy (
blue | 56 APM | 1537 actions | 27:16)
5 Keeper of the Grove
1 Force of Nature
2 Entangling Roots
2 Thorns Aura
4 Priestess of the Moon
2 Trueshot Aura
1 Scout
1 Searing Arrows
» actions
| Assign group hotkey | 26 | |
| Build / train | 90 | |
| Enter build submenu | 23 | |
| Enter hero's abilities submenu | 10 | |
| Give item / drop item | 7 | |
| Remove unit from queue | 4 | |
| Right click | 631 | |
| Select / deselect | 296 | |
| Select group hotkey | 372 | |
| Use ability | 78 | |
1537 total
» units
| Wisp | 20 | |
| Archer | 7 | |
| Chimaera | 7 | |
| Hippogryph | 7 | |
| Dryad | 7 | |
48 total
» upgrades
| Reinforced Hides | 3 | |
| Strength of the Wild | 3 | |
| Corrosive Breath | 1 | |
| Strength of the Moon | 1 | |
| Abolish Magic | 1 | |
9 total
» buildings
| Moon Well | 8 | |
| Altar of Elders | 1 | |
| Ancient of War | 1 | |
| Tree of Ages | 1 | |
| Tree of Life | 2 | |
| Tree of Eternity | 1 | |
| Hunter's Hall | 1 | |
| Ancient of Wind | 2 | |
| Chimaera Roost | 3 | |
| Ancient of Wonders | 1 | |
| Ancient Protector | 2 | |
| Ancient of Lore | 2 | |
25 total
» build order
00:24 Moon Well
01:18 Altar of Elders
01:23 Ancient of War
01:27 Moon Well
02:48 Tree of Ages
02:58 Moon Well
05:16 Tree of Life
05:27 Tree of Eternity
06:06 Hunter's Hall
07:00 Ancient of Wind
07:29 Tree of Life
07:46 Moon Well
08:04 Chimaera Roost
08:09 Chimaera Roost
08:47 Moon Well
10:06 Moon Well
10:15 Ancient of Wonders
10:28 Ancient Protector
11:18 Ancient Protector
12:46 Ancient of Wind
16:05 Moon Well
17:32 Ancient of Lore
17:37 Ancient of Lore
21:54 Moon Well
21:57 Chimaera Roost
» items
| Lesser Clarity Potion | 1 | |
| Scroll of Regeneration | 2 | |
| Scroll of Town Portal | 5 | |
| Potion of Invisibility | 1 | |
| Scroll of Healing | 4 | |
| Potion of Lesser Invulnerability | 2 | |
| Periapt of Vitality | 1 | |
| Boots of Speed | 1 | |
17 total

»
ColoradoRockies (
pink | 87 APM | 4472 actions | 51:13)
4 Demon Hunter
2 Mana Burn
2 Evasion
3 Keeper of the Grove
1 Entangling Roots
2 Thorns Aura
» actions
| Assign group hotkey | 1084 | |
| Basic commands | 153 | |
| Build / train | 88 | |
| ESC pressed | 6 | |
| Enter build submenu | 17 | |
| Enter hero's abilities submenu | 8 | |
| Give item / drop item | 1 | |
| Right click | 1948 | |
| Select / deselect | 536 | |
| Select group hotkey | 423 | |
| Use ability | 208 | |
4472 total
» units
| Wisp | 20 | |
| Huntress | 5 | |
| Dryad | 19 | |
| Druid of the Claw | 8 | |
52 total
» upgrades
| Strength of the Wild | 3 | |
| Druid of the Claw Training | 2 | |
| Abolish Magic | 1 | |
| Reinforced Hides | 4 | |
| Mark of the Claw | 1 | |
11 total
» buildings
| Altar of Elders | 1 | |
| Moon Well | 7 | |
| Hunter's Hall | 1 | |
| Ancient of War | 1 | |
| Tree of Ages | 4 | |
| Ancient of Lore | 2 | |
| Ancient of Wonders | 1 | |
| Tree of Eternity | 1 | |
| Tree of Life | 1 | |
19 total
» build order
00:05 Altar of Elders
00:17 Moon Well
01:12 Hunter's Hall
01:38 Ancient of War
01:58 Moon Well
02:51 Tree of Ages
02:51 Tree of Ages
02:52 Tree of Ages
03:52 Moon Well
05:38 Ancient of Lore
05:41 Ancient of Lore
06:13 Ancient of Wonders
06:56 Tree of Eternity
07:48 Moon Well
09:43 Moon Well
12:48 Tree of Life
16:13 Moon Well
19:15 Moon Well
» items
| Orb of Venom | 1 | |
| Scroll of Town Portal | 2 | |
3 total
lownu (
orange | 119 APM | 6090 actions | 51:10)
5 Mountain King
3 Storm Bolt
2 Bash
6 Archmage
3 Summon Water Elemental
2 Brilliance Aura
1 Mass Teleport
» actions
| Assign group hotkey | 132 | |
| Basic commands | 234 | |
| Build / train | 296 | |
| ESC pressed | 18 | |
| Enter build submenu | 119 | |
| Enter hero's abilities submenu | 12 | |
| Give item / drop item | 24 | |
| Right click | 2826 | |
| Select / deselect | 674 | |
| Select group hotkey | 1288 | |
| Use ability | 465 | |
6090 total
» units
| Peasant | 15 | |
| Footman | 5 | |
| Goblin Zeppelin | 16 | |
| Goblin Shredder | 5 | |
| Gryphon Rider | 4 | |
| Dragonhawk Rider | 5 | |
| Goblin Sapper | 10 | |
60 total
» upgrades
| Swords | 3 | |
| Armor | 3 | |
| Defend | 1 | |
| Masonry | 3 | |
| Storm Hammers | 1 | |
| Cloud | 1 | |
| Animal War Training | 1 | |
| Backpack | 1 | |
| Lumber Harvesting | 1 | |
15 total
» buildings
| Barracks | 1 | |
| Altar of Kings | 2 | |
| Farm | 24 | |
| Blacksmith | 2 | |
| Arcane Vault | 2 | |
| Town Hall | 5 | |
| Scout Tower | 79 | |
| Keep | 6 | |
| Lumber Mill | 2 | |
| Arcane Tower | 5 | |
| Guard Tower | 105 | |
| Castle | 7 | |
| Gryphon Aviary | 6 | |
| Workshop | 2 | |
| Cannon Tower | 33 | |
281 total
» build order
00:43 Barracks
00:46 Altar of Kings
00:53 Farm
01:12 Farm
01:38 Farm
02:14 Blacksmith
02:38 Farm
02:44 Arcane Vault
04:20 Town Hall
04:25 Scout Tower
04:27 Scout Tower
05:35 Keep
05:35 Keep
06:15 Scout Tower
06:29 Lumber Mill
07:02 Farm
07:03 Farm
07:44 Arcane Tower
07:45 Guard Tower
07:45 Guard Tower
07:45 Guard Tower
07:45 Guard Tower
07:47 Scout Tower
07:48 Scout Tower
07:51 Scout Tower
07:59 Scout Tower
08:00 Scout Tower
08:01 Scout Tower
08:04 Scout Tower
09:10 Guard Tower
09:10 Guard Tower
09:10 Guard Tower
09:26 Guard Tower
09:26 Guard Tower
09:51 Castle
10:05 Guard Tower
10:05 Guard Tower
10:14 Gryphon Aviary
10:22 Gryphon Aviary
11:58 Gryphon Aviary
14:20 Gryphon Aviary
14:22 Scout Tower
14:24 Scout Tower
14:29 Scout Tower
14:30 Scout Tower
14:56 Guard Tower
14:57 Guard Tower
14:57 Guard Tower
14:58 Guard Tower
14:58 Guard Tower
14:59 Guard Tower
14:59 Guard Tower
15:12 Guard Tower
15:13 Guard Tower
15:13 Guard Tower
16:05 Scout Tower
16:07 Scout Tower
16:10 Scout Tower
16:11 Scout Tower
17:04 Guard Tower
17:04 Guard Tower
17:04 Guard Tower
18:50 Farm
18:51 Farm
18:52 Farm
19:04 Scout Tower
19:05 Scout Tower
19:55 Guard Tower
19:55 Guard Tower
19:56 Guard Tower
19:56 Guard Tower
21:06 Farm
21:07 Farm
21:57 Town Hall
21:59 Scout Tower
22:00 Scout Tower
22:02 Scout Tower
22:03 Scout Tower
22:05 Scout Tower
22:09 Scout Tower
22:10 Scout Tower
22:11 Scout Tower
22:13 Scout Tower
23:13 Town Hall
23:14 Guard Tower
23:15 Guard Tower
23:15 Guard Tower
23:15 Guard Tower
23:17 Guard Tower
23:17 Guard Tower
23:17 Guard Tower
23:17 Guard Tower
23:18 Guard Tower
23:18 Guard Tower
23:20 Scout Tower
23:20 Scout Tower
23:21 Scout Tower
23:22 Scout Tower
23:23 Scout Tower
23:24 Scout Tower
23:25 Scout Tower
23:58 Guard Tower
23:58 Guard Tower
23:58 Guard Tower
24:07 Farm
24:07 Farm
24:19 Guard Tower
24:19 Guard Tower
24:20 Guard Tower
24:20 Guard Tower
24:28 Farm
24:29 Farm
24:50 Guard Tower
24:51 Guard Tower
27:20 Guard Tower
27:21 Guard Tower
27:21 Keep
27:21 Keep
27:21 Keep
27:24 Scout Tower
27:24 Scout Tower
27:28 Scout Tower
27:28 Scout Tower
27:31 Scout Tower
27:31 Scout Tower
27:32 Scout Tower
27:32 Scout Tower
27:33 Scout Tower
27:33 Scout Tower
27:38 Scout Tower
27:39 Scout Tower
27:39 Scout Tower
27:40 Scout Tower
27:41 Scout Tower
27:42 Scout Tower
28:09 Guard Tower
28:10 Guard Tower
28:10 Guard Tower
28:20 Guard Tower
28:21 Guard Tower
28:21 Guard Tower
28:38 Guard Tower
28:39 Guard Tower
28:39 Guard Tower
28:39 Guard Tower
29:06 Guard Tower
29:06 Guard Tower
29:06 Guard Tower
29:07 Guard Tower
29:07 Guard Tower
29:07 Guard Tower
29:09 Workshop
30:21 Scout Tower
30:21 Scout Tower
30:22 Scout Tower
30:22 Scout Tower
30:23 Scout Tower
30:23 Scout Tower
30:23 Scout Tower
31:04 Guard Tower
31:04 Guard Tower
31:04 Guard Tower
31:05 Guard Tower
32:21 Castle
32:22 Castle
32:22 Castle
32:38 Scout Tower
32:38 Scout Tower
32:43 Scout Tower
32:43 Scout Tower
33:12 Cannon Tower
33:12 Cannon Tower
33:13 Cannon Tower
33:19 Cannon Tower
33:20 Cannon Tower
33:20 Cannon Tower
33:26 Cannon Tower
33:26 Cannon Tower
33:26 Cannon Tower
33:26 Cannon Tower
34:12 Altar of Kings
34:34 Guard Tower
34:35 Guard Tower
34:35 Guard Tower
34:50 Town Hall
35:00 Arcane Vault
35:02 Blacksmith
35:04 Scout Tower
35:07 Scout Tower
35:22 Scout Tower
35:23 Scout Tower
35:25 Scout Tower
36:24 Scout Tower
36:34 Workshop
36:53 Arcane Tower
36:53 Arcane Tower
36:53 Arcane Tower
36:53 Arcane Tower
37:25 Farm
37:26 Farm
37:26 Farm
37:27 Farm
37:27 Farm
37:30 Cannon Tower
37:31 Cannon Tower
37:31 Cannon Tower
37:31 Cannon Tower
37:32 Cannon Tower
37:32 Cannon Tower
37:54 Farm
38:00 Lumber Mill
39:07 Farm
39:09 Farm
39:10 Farm
39:46 Gryphon Aviary
39:50 Gryphon Aviary
42:46 Town Hall
42:50 Scout Tower
42:51 Scout Tower
42:52 Scout Tower
42:53 Scout Tower
42:54 Scout Tower
42:54 Scout Tower
42:55 Scout Tower
42:55 Scout Tower
44:05 Cannon Tower
44:08 Guard Tower
44:08 Guard Tower
46:14 Scout Tower
46:16 Scout Tower
46:44 Cannon Tower
46:44 Cannon Tower
46:45 Cannon Tower
46:45 Cannon Tower
46:45 Cannon Tower
46:46 Cannon Tower
46:46 Cannon Tower
» items
| Scroll of Regeneration | 8 | |
| Mechanical Critter | 2 | |
| Periapt of Vitality | 2 | |
| Boots of Speed | 1 | |
| Circlet of Nobility | 1 | |
| Staff of Teleportation | 1 | |
| Scroll of Healing | 1 | |
| Scroll of Protection | 1 | |
| Lesser Clarity Potion | 1 | |
| Scroll of Town Portal | 5 | |
| Staff of Sanctuary | 1 | |
| Potion of Healing | 1 | |
25 total
team 2 (loser)
Everybody_Knows (
green | 95 APM | 4886 actions | 51:13)
4 Archmage
2 Blizzard
2 Brilliance Aura
6 Paladin
3 Holy Light
2 Devotion Aura
1 Divine Shield
» actions
| Assign group hotkey | 32 | |
| Basic commands | 120 | |
| Build / train | 82 | |
| ESC pressed | 2 | |
| Enter build submenu | 40 | |
| Enter hero's abilities submenu | 11 | |
| Give item / drop item | 1 | |
| Remove unit from queue | 1 | |
| Right click | 1337 | |
| Select / deselect | 792 | |
| Select group hotkey | 2281 | |
| Use ability | 186 | |
4886 total
» units
| Peasant | 12 | |
| Rifleman | 7 | |
| Sorceress | 12 | |
| Spell Breaker | 4 | |
| Dragonhawk Rider | 6 | |
41 total
» upgrades
| Sorceress Training | 2 | |
| Magic Sentry | 1 | |
| Lumber Harvesting | 2 | |
| Cloud | 1 | |
| Swords | 1 | |
7 total
» buildings
| Altar of Kings | 1 | |
| Farm | 12 | |
| Blacksmith | 1 | |
| Barracks | 1 | |
| Arcane Vault | 1 | |
| Scout Tower | 7 | |
| Arcane Tower | 1 | |
| Keep | 1 | |
| Lumber Mill | 1 | |
| Arcane Sanctum | 2 | |
| Guard Tower | 3 | |
| Castle | 1 | |
| Town Hall | 6 | |
| Gryphon Aviary | 2 | |
40 total
» build order
00:05 Altar of Kings
00:07 Farm
00:25 Blacksmith
01:29 Barracks
01:44 Farm
02:05 Arcane Vault
02:40 Farm
02:45 Scout Tower
03:16 Arcane Tower
04:11 Farm
04:30 Farm
05:02 Keep
06:36 Farm
06:37 Farm
06:39 Scout Tower
06:41 Scout Tower
07:12 Lumber Mill
07:51 Arcane Sanctum
07:55 Arcane Sanctum
08:25 Guard Tower
08:27 Scout Tower
08:46 Castle
09:07 Guard Tower
09:15 Scout Tower
10:01 Guard Tower
10:04 Farm
15:11 Town Hall
16:46 Farm
16:46 Farm
17:27 Town Hall
18:10 Town Hall
21:39 Gryphon Aviary
27:48 Town Hall
28:34 Town Hall
31:14 Gryphon Aviary
34:42 Town Hall
35:28 Scout Tower
35:28 Scout Tower
35:54 Farm
35:54 Farm
» items
| Scroll of Regeneration | 4 | |
| Scroll of Town Portal | 5 | |
9 total

»
Gladiator (
purple | 55 APM | 2778 actions | 50:16)
6 Archmage
3 Summon Water Elemental
2 Brilliance Aura
1 Mass Teleport
» actions
| Assign group hotkey | 31 | |
| Basic commands | 201 | |
| Build / train | 87 | |
| Enter build submenu | 22 | |
| Enter hero's abilities submenu | 6 | |
| Give item / drop item | 3 | |
| Right click | 867 | |
| Select / deselect | 788 | |
| Select group hotkey | 680 | |
| Use ability | 92 | |
2778 total
» units
| Peasant | 9 | |
| Rifleman | 10 | |
| Mortar Team | 5 | |
| Siege Engine | 23 | |
| Knight | 4 | |
51 total
» upgrades
| Gunpowder | 3 | |
| Long Rifles | 1 | |
| Lumber Harvesting | 2 | |
| Fragmentation Shards | 1 | |
| Flare | 1 | |
| Animal War Training | 2 | |
| Barrage | 2 | |
| Swords | 3 | |
| Plating | 3 | |
| Masonry | 1 | |
| Armor | 1 | |
| Defend | 1 | |
21 total
» buildings
| Farm | 12 | |
| Altar of Kings | 1 | |
| Barracks | 2 | |
| Blacksmith | 1 | |
| Arcane Vault | 1 | |
| Lumber Mill | 1 | |
| Keep | 1 | |
| Castle | 1 | |
| Workshop | 2 | |
| Town Hall | 1 | |
23 total
» build order
00:13 Farm
00:17 Altar of Kings
00:30 Barracks
01:21 Blacksmith
01:30 Farm
01:54 Arcane Vault
02:12 Farm
02:27 Lumber Mill
02:54 Farm
03:41 Farm
04:19 Farm
05:44 Farm
06:37 Keep
06:41 Farm
07:23 Farm
08:06 Barracks
09:06 Castle
09:13 Workshop
09:22 Workshop
10:52 Farm
25:09 Town Hall
36:40 Farm
37:37 Farm
» items
| Potion of Lesser Invulnerability | 1 | |
| Scroll of Regeneration | 2 | |
| Scroll of Town Portal | 3 | |
6 total
BLDYorBLCKstool (
yellow | 56 APM | 2843 actions | 50:34)
4 Paladin
2 Holy Light
2 Devotion Aura
3 Mountain King
2 Storm Bolt
1 Bash
» actions
| Assign group hotkey | 47 | |
| Basic commands | 40 | |
| Build / train | 97 | |
| Enter build submenu | 37 | |
| Enter hero's abilities submenu | 7 | |
| Give item / drop item | 1 | |
| Remove unit from queue | 6 | |
| Right click | 1234 | |
| Select / deselect | 627 | |
| Select group hotkey | 626 | |
| Use ability | 121 | |
2843 total
» units
| Peasant | 19 | |
| Footman | 5 | |
| Rifleman | 3 | |
| Priest | 7 | |
| Furbolg Shaman | 1 | |
| Satyr Shadowdancer | 3 | |
| Spell Breaker | 6 | |
| Siege Engine | 9 | |
53 total
» upgrades
| Masonry | 1 | |
| Swords | 2 | |
| Long Rifles | 1 | |
| Priest Training | 2 | |
| Plating | 1 | |
| Barrage | 1 | |
| Magic Sentry | 1 | |
9 total
» buildings
| Altar of Kings | 2 | |
| Farm | 13 | |
| Lumber Mill | 2 | |
| Barracks | 1 | |
| Scout Tower | 5 | |
| Guard Tower | 6 | |
| Blacksmith | 2 | |
| Keep | 4 | |
| Arcane Vault | 1 | |
| Arcane Sanctum | 2 | |
| Town Hall | 4 | |
| Castle | 0 | |
| Workshop | 2 | |
44 total
» build order
00:14 Altar of Kings
00:17 Farm
00:52 Lumber Mill
00:57 Farm
01:20 Barracks
01:35 Farm
01:53 Scout Tower
02:18 Farm
02:23 Scout Tower
02:35 Guard Tower
03:24 Guard Tower
03:26 Farm
03:28 Scout Tower
04:02 Farm
04:31 Guard Tower
04:34 Farm
04:40 Lumber Mill
04:49 Scout Tower
05:16 Blacksmith
05:25 Scout Tower
05:26 Guard Tower
06:22 Keep
06:22 Keep
06:24 Guard Tower
07:21 Arcane Vault
08:44 Arcane Sanctum
09:36 Town Hall
09:49 Castle
09:50 Castle
09:52 Farm
10:55 Arcane Sanctum
12:15 Keep
12:15 Keep
15:23 Castle
17:13 Town Hall
17:48 Blacksmith
17:50 Altar of Kings
19:04 Farm
20:32 Farm
20:39 Workshop
20:40 Workshop
21:20 Farm
25:19 Town Hall
28:54 Farm
30:11 Farm
30:51 Town Hall
» items
| Scroll of Regeneration | 2 | |
| Lesser Clarity Potion | 1 | |
| Scroll of Town Portal | 3 | |
6 total
team_cancer (
red | 59 APM | 3045 actions | 51:13)
7 Archmage
3 Summon Water Elemental
3 Brilliance Aura
1 Mass Teleport
» actions
| Assign group hotkey | 131 | |
| Basic commands | 192 | |
| Build / train | 131 | |
| Enter build submenu | 61 | |
| Enter hero's abilities submenu | 7 | |
| Give item / drop item | 8 | |
| Remove unit from queue | 2 | |
| Right click | 1173 | |
| Select / deselect | 570 | |
| Select group hotkey | 599 | |
| Use ability | 171 | |
3045 total
» units
| Peasant | 22 | |
| Footman | 4 | |
| Goblin Shredder | 1 | |
| Goblin Zeppelin | 1 | |
| Gryphon Rider | 13 | |
| Green Dragon | 3 | |
| Dragonhawk Rider | 9 | |
| Goblin Sapper | 12 | |
65 total
» upgrades
| Lumber Harvesting | 1 | |
| Masonry | 3 | |
| Swords | 3 | |
| Armor | 3 | |
| Storm Hammers | 1 | |
| Animal War Training | 1 | |
| Cloud | 1 | |
13 total
» buildings
| Altar of Kings | 1 | |
| Barracks | 1 | |
| Farm | 12 | |
| Scout Tower | 38 | |
| Arcane Tower | 2 | |
| Lumber Mill | 2 | |
| Keep | 1 | |
| Arcane Vault | 1 | |
| Town Hall | 4 | |
| Guard Tower | 23 | |
| Castle | 1 | |
| Gryphon Aviary | 4 | |
| Blacksmith | 2 | |
92 total
» build order
00:50 Altar of Kings
00:52 Barracks
00:54 Farm
00:57 Farm
01:06 Farm
01:33 Scout Tower
02:07 Arcane Tower
03:19 Farm
03:27 Lumber Mill
03:57 Keep
04:26 Arcane Vault
04:33 Lumber Mill
04:36 Scout Tower
05:37 Arcane Tower
06:05 Town Hall
06:07 Scout Tower
06:07 Scout Tower
06:09 Scout Tower
06:10 Scout Tower
06:10 Scout Tower
06:11 Scout Tower
06:13 Town Hall
07:15 Guard Tower
07:19 Guard Tower
08:45 Scout Tower
08:46 Scout Tower
08:47 Scout Tower
08:49 Scout Tower
08:51 Scout Tower
08:51 Scout Tower
09:39 Guard Tower
09:44 Castle
10:37 Guard Tower
10:37 Guard Tower
10:47 Scout Tower
10:48 Scout Tower
10:49 Scout Tower
10:50 Scout Tower
11:01 Gryphon Aviary
11:02 Gryphon Aviary
11:05 Gryphon Aviary
11:34 Gryphon Aviary
12:31 Farm
12:33 Blacksmith
12:35 Blacksmith
14:26 Guard Tower
15:21 Farm
17:19 Farm
17:19 Farm
17:19 Farm
17:21 Farm
17:22 Farm
17:24 Farm
27:36 Town Hall
33:37 Scout Tower
33:38 Scout Tower
33:38 Scout Tower
33:38 Scout Tower
33:39 Scout Tower
33:40 Scout Tower
33:40 Scout Tower
33:40 Scout Tower
33:41 Scout Tower
34:51 Guard Tower
35:23 Scout Tower
35:24 Scout Tower
35:24 Scout Tower
35:25 Scout Tower
35:25 Scout Tower
35:27 Scout Tower
35:27 Scout Tower
35:27 Scout Tower
35:28 Scout Tower
35:29 Scout Tower
36:12 Guard Tower
36:12 Guard Tower
36:12 Guard Tower
36:15 Guard Tower
36:15 Guard Tower
36:15 Guard Tower
36:39 Guard Tower
36:39 Guard Tower
36:40 Guard Tower
36:40 Guard Tower
36:43 Guard Tower
36:44 Guard Tower
36:44 Guard Tower
37:08 Town Hall
» items
| Scroll of Regeneration | 2 | |
| Scroll of Town Portal | 5 | |
| Boots of Speed | 1 | |
| Staff of Teleportation | 1 | |
| Potion of Mana | 1 | |
| Mechanical Critter | 4 | |
| Potion of Healing | 2 | |
16 total
Chat log
(00:19 / Allies) Everybody_Knows: 4 human
(00:25 / Allies) BLDYorBLCKstool: tower off your area
(00:56 / Allies) Everybody_Knows: rush?
(01:06 / Allies) Everybody_Knows: we got 4 human
(01:09 / Allies) BLDYorBLCKstool: paly here
(01:11 / Allies) Gladiator: k
(01:49 / Allies) Everybody_Knows: i got casters
(02:23 / Allies) Everybody_Knows: too many workers
(03:06 / All) team_cancer: you're good
(03:08 / Allies) Everybody_Knows: lol nice
(04:25 / Allies) Everybody_Knows: meet?
(04:40 / Allies) Everybody_Knows: com
(04:49 / Allies) Everybody_Knows: they are back
(05:05 / Allies) Everybody_Knows: coming
(05:25 / All) team_cancer: god you are annoying
(05:27 / All) team_cancer: fucking trash
(05:35 / Allies) Everybody_Knows: go
(05:53 / All) BLDYorBLCKstool: teal is doing stupid invis mort
(06:02 / All) smurfs: lol
(06:25 / Allies) Everybody_Knows: go to teal
(06:45 / All) team_cancer: shit
(06:48 / Allies) Everybody_Knows: why you tp?
(06:49 / All) team_cancer: misclicked LOL
(06:55 / Allies) team_cancer: I meant to drop ward
(06:59 / Allies) team_cancer: and fucking double clicked tp
(07:22 / All) team_cancer: god
(07:38 / Allies) Everybody_Knows: coming yellow
(08:36 / Allies) Everybody_Knows: well they hve morts
(09:44 / Allies) Everybody_Knows: red share gold
(09:50 / Allies) Everybody_Knows: attack
(10:13 / Allies) BLDYorBLCKstool: lets go
(10:32 / Allies) BLDYorBLCKstool: gold?
(10:41 / Allies) Everybody_Knows: red what you gettin?
(10:44 / Allies) team_cancer: griffs
(11:50 / Allies) Everybody_Knows: PUR
(12:25 / Allies) Gladiator: dude
(12:52 / Allies) Everybody_Knows: TP
(13:32 / All) BLDYorBLCKstool: such a fag
(13:52 / All) smurfs: :*
(14:10 / Allies) Everybody_Knows: go
(14:24 / Allies) Everybody_Knows: did you tp again?
(14:30 / Allies) Everybody_Knows: what are you doing red?
(14:36 / Allies) team_cancer: didn't realize he was gonna tk and he was focuisng my am
(14:48 / Allies) Everybody_Knows: go
(14:51 / Allies) Everybody_Knows: purple
(15:16 / Allies) Everybody_Knows: get his expo frist
(15:56 / Allies) Everybody_Knows: get teals
(16:04 / Allies) Everybody_Knows: cloud the towers
(16:11 / Allies) Everybody_Knows: go1
(16:37 / Allies) Everybody_Knows: attack form behind
(16:40 / Allies) Everybody_Knows: GO
(17:17 / Allies) Everybody_Knows: YEAH MEET
(17:29 / Allies) Everybody_Knows: red purp come
(17:36 / Allies) Everybody_Knows: no
(17:39 / Allies) Everybody_Knows: too many towers
(17:42 / Allies) Everybody_Knows: go somehweere else
(17:59 / Allies) Everybody_Knows: they coming
(18:00 / Allies) Everybody_Knows: fight them
(18:08 / Allies) BLDYorBLCKstool: rally
(18:16 / Allies) team_cancer: mass gyro
(18:17 / Allies) BLDYorBLCKstool: rape
(18:41 / Allies) Everybody_Knows: the right
(18:46 / Allies) Everybody_Knows: care
(18:56 / Allies) Everybody_Knows: get blue
(18:59 / Allies) Everybody_Knows: teal has too amyn towers
(19:00 / Allies) BLDYorBLCKstool: wood plz
(19:10 / Allies) BLDYorBLCKstool: ty
(19:18 / Allies) Everybody_Knows: force him to tp
(19:57 / Allies) team_cancer: n
(19:59 / Allies) team_cancer: nice you trapped me in
(20:25 / Allies) team_cancer: kill the fucking gyros
(20:47 / Allies) Everybody_Knows: out
(20:48 / Allies) Everybody_Knows: out
(21:24 / Allies) BLDYorBLCKstool: getting tank
(21:27 / Allies) Everybody_Knows: getg ready to defend
(22:04 / Allies) BLDYorBLCKstool: gold?
(22:22 / Allies) Everybody_Knows: leave it
(22:24 / Allies) Everybody_Knows: when they come tp
(22:49 / Allies) Everybody_Knows: stay at towers
(22:57 / Allies) Everybody_Knows: tp
(23:16 / Allies) team_cancer: focus gyros
(23:24 / Allies) team_cancer: so they don't shred my air
(23:47 / All) lownu: YOU TALKIN TO ME?
(23:49 / Allies) Everybody_Knows: KILL MORTS
(23:53 / All) lownu: CAUSE I DON'T KNOW WHO ELSE YOU'D BE TALKING TO
(24:19 / Allies) Everybody_Knows: go
(24:37 / All) lownu: wtf is that mk doing there
(24:38 / All) lownu: lawl
(24:42 / Allies) Everybody_Knows: GO
(24:44 / All) lownu: fell off my control group I guess
(24:47 / Allies) team_cancer: kill the fucking GYROS
(25:00 / Allies) Everybody_Knows: yeah tanks please kill them
(25:05 / Allies) Everybody_Knows: gold me
(25:10 / Allies) BLDYorBLCKstool: wood plz
(25:20 / Allies) BLDYorBLCKstool: ty
(25:25 / Allies) Everybody_Knows: cloud
(25:28 / Allies) Everybody_Knows: tanks first
(25:32 / All) team_cancer: of course there's your fag ass blue
(25:35 / All) team_cancer: right side of map alone
(25:40 / All) team_cancer: nigger
(25:50 / All) team_cancer: faggot retard
(26:08 / All) team_cancer: you're dead bitch
(26:18 / Allies) Everybody_Knows: workship
(26:26 / Allies) Everybody_Knows: wokrship
(26:33 / All) MySquishy: wtf is happening
(26:38 / All) team_cancer: your base is about to die
(26:42 / All) team_cancer: that's what's happening
(26:43 / All) lownu: He's talking shit to me, HE DIES
(26:50 / Allies) Everybody_Knows: red caer
(27:00 / All) team_cancer: of coures and there's teal
(27:05 / All) team_cancer: fucking niggers
(27:14 / Allies) Everybody_Knows: next
(27:21 / All) team_cancer: the two that counter me band together
(27:28 / Allies) Everybody_Knows: red gold me
(27:30 / Allies) Everybody_Knows: please
(27:40 / Allies) Everybody_Knows: ty
(27:54 / Allies) BLDYorBLCKstool: teals gae shit failed
(28:06 / All) BLDYorBLCKstool: ha teal
(28:07 / All) BLDYorBLCKstool: fag
(29:14 / Allies) team_cancer: gold
(29:25 / Allies) Everybody_Knows: erm
(29:29 / Allies) BLDYorBLCKstool: back
(29:51 / Allies) Everybody_Knows: well we are screwed
(29:52 / Allies) BLDYorBLCKstool: go around
(29:56 / Allies) BLDYorBLCKstool: the long way
(29:57 / Allies) Gladiator: go around kill other bases
(30:24 / Allies) Everybody_Knows: i'm gonna get dragonhawks toto
(30:42 / Allies) Everybody_Knows: someone take this mine
(30:45 / Allies) BLDYorBLCKstool: i will
(30:58 / Allies) Everybody_Knows: plan
(31:00 / Allies) Everybody_Knows: ?
(31:02 / Allies) Everybody_Knows: we are 4 human
(31:05 / Allies) Everybody_Knows: we can do this
(31:06 / Allies) BLDYorBLCKstool: rally over there
(31:27 / Allies) BLDYorBLCKstool: careful
(31:31 / Allies) BLDYorBLCKstool: dont get caught
(31:52 / Allies) Everybody_Knows: red
(31:53 / Allies) Everybody_Knows: bacjk
(31:58 / Allies) Everybody_Knows: okay nvm
(32:02 / Allies) Gladiator: mana stone
(32:16 / Allies) BLDYorBLCKstool: red has the barrellass dragon
(32:17 / Allies) Everybody_Knows: why do you like to drop item?>
(32:31 / Allies) BLDYorBLCKstool: that thing is pissed
(34:14 / All) BLDYorBLCKstool: bitch ass punks
(34:16 / All) BLDYorBLCKstool: =p
(34:16 / All) BLDYorBLCKstool: gg
(34:24 / All) lownu: Pink isn't going to leave
(34:25 / All) lownu: Standoff time
(34:31 / All) Everybody_Knows: who killed my town?
(34:36 / All) lownu: guess
(34:40 / Allies) BLDYorBLCKstool: teal
(35:15 / Allies) Everybody_Knows: gold me yellow
(35:20 / Allies) Everybody_Knows: or whoever
(36:00 / All) ColoradoRockies: oj expoing left bottom
(36:06 / All) lownu: Pink is pathetic
(36:09 / All) lownu: pathetic noob elf retard
(36:09 / All) Everybody_Knows: who killed it again?!
(36:35 / Allies) Everybody_Knows: bah
(36:38 / Allies) Everybody_Knows: yellow just feed me
(38:06 / Allies) Everybody_Knows: red is killing us
(38:47 / Allies) Everybody_Knows: grat
(39:30 / Allies) Everybody_Knows: gred
(39:32 / Allies) Everybody_Knows: red
(39:34 / Allies) Everybody_Knows: stop
(40:01 / All) Gladiator: his life bores him
(40:09 / Allies) Everybody_Knows: wow
(40:11 / Allies) Everybody_Knows: i cant believe this
(40:33 / Allies) Everybody_Knows: stop
(40:37 / Allies) Everybody_Knows: red stop your nonsense
(40:38 / Allies) team_cancer: I run this team
(40:40 / Allies) BLDYorBLCKstool: your an idiot
(40:40 / Allies) team_cancer: No discussion
(40:45 / Allies) BLDYorBLCKstool: lmao
(40:51 / Allies) Everybody_Knows: yeah
(40:53 / Allies) BLDYorBLCKstool: dont talk back to red
(40:55 / Allies) BLDYorBLCKstool: you fool
(40:56 / Allies) team_cancer: I want your work until you are burned out, wasted or till you're dead
(41:00 / Allies) team_cancer: I run you
(41:05 / Allies) team_cancer: You do what I say
(41:06 / Allies) team_cancer: You are what I say
(41:11 / Allies) team_cancer: I got a paper on your whole fucking life
(41:22 / Allies) team_cancer: I'll whack out your whole family
(41:29 / Allies) BLDYorBLCKstool: im crying
(41:33 / Allies) team_cancer: People will be eating them tomorrow in their wimpy burgers and not know it
(42:40 / Allies) Everybody_Knows: sigh
(42:41 / Allies) Everybody_Knows: whatever
(42:49 / Allies) BLDYorBLCKstool: dont try to hide green
(42:51 / Allies) Everybody_Knows: what for you gold me
(43:03 / All) lownu: your team gonna stay for standoff? Pink will
(43:06 / All) lownu: he's a clueless retard
(43:07 / Allies) BLDYorBLCKstool: its repairations
(43:14 / All) ColoradoRockies: like oj
(43:15 / All) BLDYorBLCKstool: LMAO
(43:19 / All) BLDYorBLCKstool: im laughing so hard
(43:22 / All) BLDYorBLCKstool: actually tearing
(43:24 / All) lownu: I'm sure you are yellow lol
(43:37 / All) BLDYorBLCKstool: green is so upset
(43:39 / All) BLDYorBLCKstool: really made my night
(43:44 / All) team_cancer: I RUN THIS TEAM, THERE IS NO DISCUSSION
(43:50 / All) lownu: from where you're kneeling it must look like an 18-karat run of bad luck
(43:54 / All) Everybody_Knows: lol k yellow
(43:55 / All) lownu: but the truth is
(43:58 / All) lownu: the game was rigged from the start
(44:06 / All) BLDYorBLCKstool: same IP
(44:12 / All) lownu: LOL
(44:14 / All) lownu: same IP?
(44:20 / All) BLDYorBLCKstool: prolly
(44:28 / All) lownu: are you hacking our IP address
(44:29 / All) team_cancer: He's a Canuck, I'm a Hoosier Daddy
(44:55 / All) team_cancer: Together we run the most nefarious crime syndicate on the battle nets
(46:32 / All) team_cancer: Purple I will put your cunt wife out on the streets to be fucked in the ass by niggers and Puerto Ricans
(46:43 / All) team_cancer: What's the matter with you? You don't want to work for me?
(46:49 / All) team_cancer: You have a town, castles, gold mines
(46:57 / All) BLDYorBLCKstool: eh
(46:58 / All) team_cancer: and I run a paper on your whole fucking life
(47:01 / All) BLDYorBLCKstool: not as funny
(47:04 / All) BLDYorBLCKstool: that was funny
(47:06 / All) BLDYorBLCKstool: i laughed
(49:37 / All) lownu: Enjoy the mexican standoff
(49:56 / All) team_cancer: I had worthless bone chimes all game
(50:07 / All) BLDYorBLCKstool: you are worthless
(50:16 / All) lownu: Pink is the most worthless player ever
(50:18 / All) lownu: totally worthless retard
(50:28 / All) team_cancer: Yellow doesn't want to work for me anymore
(50:31 / All) BLDYorBLCKstool: alrighty, gg, gn
(50:37 / All) team_cancer: I'll whack out his whole family
(50:53 / All) team_cancer: People will be eating them tomorrow in their wimpy burgers and not know it
(51:09 / All) lownu: gl
(51:10 / All) team_cancer: Good luck gents